 Dungeon Crawl Stone Soup version 0.31-a0-675-g238779eb0a (webtiles) character file.

Game seed: 10443216449932231007

24308 pokeman the Eclecticist (level 12, -8/67 HPs)
             Began as a Deep Elf Hedge Wizard on Sept 5, 2023.
             Was an Elder of Vehumet.
             Hit by a large rock thrown by a cyclops (31 damage)
             ... on level 14 of the Dungeon.
             The game lasted 00:54:35 (18598 turns).

pokeman the Eclecticist (Deep Elf Hedge Wizard)    Turns: 18598, Time: 00:54:36

Health: -8/67      AC: 10    Str:  7    XL:     12   Next: 79%
Magic:  29/35      EV: 11    Int: 25    God:    Vehumet [****..]
Gold:   1678       SH:  5    Dex: 14    Spells: 17/46 levels left

rFire   + . .        Q - +1 triple sword (venom)
rCold   + . .        (shield currently unavailable)
rNeg    . . .        O - +0 acid dragon scales
rPois   +            o - +0 helmet
rElec   .            P - scarf {rC+ rF+}
rCorr   +            (no gloves)
SInv    .            u - +0 pair of boots
Will    +....        h - amulet of reflection
Stlth   ++           y - ring of poison resistance
HPRegen 0.31/turn    A - ring of wizardry
MPRegen 0.24/turn

%: reflection, wizardry (x1)
@: no status effects
A: no striking features
a: Renounce Religion


You were on level 14 of the Dungeon.
You worshipped Vehumet.
Vehumet was greatly pleased with you.
You visited 2 branches of the dungeon, and saw 15 of its levels.
You also visited: Ice Cave.

You collected 1678 gold pieces.

Inventory:

Hand Weapons
 Q - a +1 triple sword of venom (weapon)
 Z - the +9 staff of Olgreb {rPois∞}
   (You found it on level 11 of the Dungeon)

   Radiate:   It can be activated via the 'a'bility menu to radiate toxic
   energy, with effectiveness depending on Evocations skill.
   Pois:      It enhances your poison magic.
   rPois∞: It grants immunity to poison.
Missiles
 e - 4 curare-tipped darts
 I - 2 throwing nets
Armour
 c - a +2 leather armour of cold resistance
 o - a +0 helmet (worn)
 u - a +0 pair of boots (worn)
 K - a +2 robe of fire resistance
 O - +0 acid dragon scales (worn)
 P - a scarf of resistance (worn)
Magical Staves
 b - a staff of cold
 f - a staff of fire
Jewellery
 h - an amulet of reflection (around neck)
 i - a ring of protection from cold
 l - a ring of protection from cold
 m - an amulet of the acrobat
 y - a ring of poison resistance (left hand)
 A - a ring of wizardry (right hand)
 R - a ring of see invisible
Wands
 r - a wand of paralysis (8)
 F - a wand of polymorph (19)
 L - a wand of light (14)
 M - a wand of roots (24)
Scrolls
 a - 5 scrolls of teleportation
 k - 3 scrolls of amnesia
 n - a scroll of revelation
 v - a scroll of torment
 G - 3 scrolls of blinking
Potions
 d - a potion of magic
 g - 5 potions of curing
 j - 2 potions of enlightenment
 p - 2 potions of attraction {unknown}
 q - 3 potions of lignification {unknown}
 s - a potion of berserk rage {unknown}
 t - 3 potions of haste {unknown}
 w - 3 potions of mutation {unknown}
 x - 3 potions of might {unknown}
 z - a potion of brilliance {unknown}
 C - 3 potions of heal wounds {unknown}
 N - 4 potions of resistance {unknown}
 S - a potion of invisibility {unknown}
Miscellaneous
 W - a lightning rod (4/4)


   Skills:
 + Level 4.6 Fighting
 - Level 6.0 Armour
 - Level 3.1 Dodging
 - Level 3.2 Stealth
 * Level 17.5 Spellcasting
 + Level 10.4 Conjurations
 - Level 1.1 Summonings
 - Level 2.0 Necromancy
 - Level 1.1 Translocations
 - Level 1.1 Transmutations
 - Level 1.1 Fire Magic
 + Level 8.2 Ice Magic
 - Level 1.0 Air Magic
 + Level 7.7 Earth Magic
 - Level 1.0 Poison Magic
 - Level 1.0 Evocations


You had 17 spell levels left.
You knew the following spells:

 Your Spells              Type           Power      Damage    Failure   Level
a - Magic Dart            Conj           100%       1d8       1%          1
b - Mephitic Cloud        Conj/Pois/Air  42%        N/A       1%          3
c - Call Imp              Summ           54%        N/A       1%          2
d - Blink                 Tloc           54%        N/A       1%          2
e - Poisonous Vapours     Pois/Air       54%        N/A       1%          2
f - Stone Arrow           Conj/Erth      100%       3d13      1%          3
g - Irradiate             Conj/Tmut      25%        3d20      1%          5
h - Starburst             Conj/Fire      25%        6d8       7%          6
i - Lee's Rapid Deconstr  Erth           28%        3d15*     1%          5

Your spell library contained the following spells:

 Spells                   Type           Power      Damage    Failure   Level
 Sticky Flame             Conj/Fire      50%        2d7       1%          4
 Apportation              Tloc           54%        N/A       1%          1
 Freeze                   Ice            100%       1d10      1%          1
 Necrotise                Necr           100%       1d9       1%          1
 Slow                     Hex            84%        N/A       1%          1
 Summon Small Mammal      Summ           100%       N/A       1%          1
 Cigotuvi's Dreadful Rot  Necr/Pois/Air  56%        N/A       1%          2
 Ensorcelled Hibernation  Hex/Ice        84%        N/A       1%          2
 Sublimation of Blood     Necr           32%        N/A       1%          2
 Dazzling Flash           Conj/Hex       96%        N/A       1%          3
 Frozen Ramparts          Ice            100%       1d16      1%          3
 Hailstorm                Conj/Ice       62%        3d13      1%          3
 Vampiric Draining        Necr           32%        2d8       1%          3
 Volatile Blastmotes      Fire/Tloc      54%        2d14      1%          3
 Petrify                  Tmut/Erth      44%        N/A       2%          4
 Manifold Assault         Tloc           27%        N/A       10%         4
 Anguish                  Hex/Necr       13%        N/A       11%         4
 Ozocubu's Refrigeration  Ice            29%        4d13      13%         7
 Agony                    Necr           32%        N/A       19%         5
 Simulacrum               Ice/Necr       23%        N/A       28%         6
 Maxwell's Capacitive Co  Air            13%        ∞         100%        8
 Polar Vortex             Ice            29%        12d3*     100%        9


Dungeon Overview and Level Annotations

Branches:
Dungeon (14/15)            Temple (1/1) D:7            Lair (0/5) D:8
    Orc (0/2) D:9          Vaults (0/5) D:14          IceCv (visited)

Altars:
Ashenzari
Cheibriados
Dithmenos
Elyvilon
Fedhas
Gozag
Hepliaklqana
Kikubaaqudgha
Makhleb
Nemelex Xobeh
Okawaru
Qazlal
Ru
Sif Muna
Trog
Uskayaw
Vehumet
Wu Jian
Xom
Yredelemnul
Zin
The Shining One

Shops:
D:1 :   D:4 (

Annotations:
D:4 3 runed translucent doors, garrulousMonolith's ghost, amateur TrSh
D:5 3 runed translucent doors, Xavori's ghost, novice OpCK; arthad's ghost, novice FoFi; awesomeguy42's ghost, novice HuNe; ojifijod's ghost, novice DrFi; perezv8180's ghost, novice DrVM
D:10 Scrolls behind grate
D:13 3 runed translucent doors, Jynaviopo's ghost, journeyman GrFi


Message History

The yaktaur appears confused.
Casting: Stone Arrow (safe; 1% risk of failure)
Confirm with . or Enter, or press ? or * to list all spells.
Aiming: Stone Arrow (safe; 1% risk of failure)
Press: ? - help, Shift-Dir - straight line, f/p - yaktaur
Aim: a yaktaur (heavily wounded, confused, 100% to hit)
The stone arrow hits the yaktaur!
The yaktaur is almost dead.
Unknown command.
Casting: Stone Arrow (safe; 1% risk of failure)
Confirm with . or Enter, or press ? or * to list all spells.
Aiming: Stone Arrow (safe; 1% risk of failure)
Press: ? - help, Shift-Dir - straight line, f/p - yaktaur
Aim: a yaktaur (almost dead, confused, 100% to hit)
The stone arrow hits the yaktaur!!
You kill the yaktaur!
Vehumet accepts your kill.
Unknown command.
Magic restored.
There is an open door here.
The cyclops shouts!
The cyclops throws a large rock.
The large rock hits you!!
The cyclops throws a large rock.
The large rock hits you!!
Casting: Stone Arrow (safe; 1% risk of failure)
Confirm with . or Enter, or press ? or * to list all spells.
Aiming: Stone Arrow (safe; 1% risk of failure)
Press: ? - help, Shift-Dir - straight line, f - cyclops
Aim: a cyclops, quivering large rocks (98% to hit)
The stone arrow hits the cyclops!!
The cyclops is heavily wounded.
Unknown command.
Casting: Stone Arrow (safe; 1% risk of failure)
Confirm with . or Enter, or press ? or * to list all spells.
Aiming: Stone Arrow (safe; 1% risk of failure)
Press: ? - help, Shift-Dir - straight line, f/p - cyclops
Aim: a cyclops, quivering large rocks (heavily wounded, 98% to hit)
The stone arrow hits the cyclops!
The cyclops is severely wounded.
The cyclops throws a large rock.
The large rock hits you!!
You die...

#..##...C##.......# ..#
#..##...####.....## ...#
#..##..## ##...## ...#
#..##°.## ###[## ##...#
#..##B..####.[...####....###
#....<...##.#...#.##........
#..<......#.......#......#
#.###.....'...∩...'......#
#. #.....#.....@.#......# #.
#....##.#...#.##.....# #.
#...## #C....####....# #...#
#. #..## ###'## ##...# #...#
#. #..# .. ##...# #...# ...
##....# #...# ... ..##.....#
#...# .... ..........# #...#
..........####[..#


You could see a cyclops.

Vanquished Creatures
  An ice dragon (IceCv)
  3 vault guards (D:14)
  2 hydras (D:13)
  A centaur warrior (D:13)
  A two-headed ogre (D:9)
  A boulder beetle (D:11)
  A tengu warrior (D:14)
  Pikel (D:8)
  4 lindwurms (D:11)
  A deep elf pyromancer (D:12)
  3 manticores
  An ugly thing (D:14)
  A cyclops (D:12)
  2 ice statues (IceCv)
  Maggie (D:8)
  An unseen horror (D:12)
  4 rime drakes (IceCv)
  A komodo dragon (D:8)
  Psyche (D:8)
  A kobold demonologist (D:11)
  A yaktaur (shapeshifter) (D:14)
  2 trolls (D:12)
  A wind drake (D:13)
  9 slime creatures
  A shadow (D:12)
  2 vampires
  4 wyverns
  3 yaks (D:9)
  A basilisk (shapeshifter) (D:14)
  2 basilisks
  9 vampire mosquitoes
  An acid dragon (D:9)
  2 water moccasins
  Duvessa (D:6)
  An orc warrior (D:8)
  An ice beast (D:8)
  5 sky beasts
  2 ogres
  A centaur (D:9)
  A lemure (D:8)
  2 phantoms (D:5)
  2 kobold brigands (D:9)
  A bullfrog (D:9)
  A gnoll sergeant (D:11)
  5 wights (D:8)
  Dowan (D:6)
  4 lindwurm simulacra (IceCv)
  16 killer bees
  9 howler monkeys
  2 electric eels (D:6)
  A crimson imp (D:4)
  4 komodo dragon simulacra (IceCv)
  3 jellies
  6 hounds
  2 orc priests
  5 gnoll boudas
  13 orc wizards
  3 iguanas
  Robin (D:2)
  34 gnolls
  8 acid dragon simulacra (IceCv)
  6 adders
  A shadow imp (D:6)
  4 white imps
  3 ufetubi
  5 steam dragon simulacra (IceCv)
  5 dart slugs
  22 orcs
  7 ball pythons
  8 endoplasms
  A giant cockroach (D:4)
  43 goblins
  33 hobgoblins
  2 quokkas
  3 bats (D:2)
  A frilled lizard (D:3)
  20 kobolds
  4 rats
373 creatures vanquished.

Vanquished Creatures (collateral kills)
  A water moccasin (D:5)
  A gnoll sergeant (D:5)
  A killer bee (D:9)
  2 sleepcaps
  A giant cockroach (D:3)
6 creatures vanquished.

Grand Total: 379 creatures vanquished

Notes
Turn   | Place    | Note
-------+----------+-------------------------------------------
     0 | D:1      | pokeman the Deep Elf Hedge Wizard began the quest for the
                  | Orb.
     0 | D:1      | Reached XP level 1. HP: 10/10 MP: 7/7
   321 | D:1      | Reached XP level 2. HP: 15/16 MP: 2/9
   687 | D:1      | Found Zomim's Book Emporium.
   985 | D:2      | Reached skill level 5 in Spellcasting
  1084 | D:2      | Noticed Robin
  1096 | D:2      | Reached XP level 3. HP: 10/20 MP: 1/11
  1184 | D:1      | Learned a level 3 spell: Mephitic Cloud
  1187 | D:1      | Learned a level 2 spell: Call Imp
  1190 | D:1      | Learned a level 2 spell: Blink
  1268 | D:2      | Killed Robin
  1269 | D:2      | Reached skill level 1 in Fighting
  1375 | D:2      | Reached skill level 1 in Armour
  2082 | D:3      | Reached XP level 4. HP: 25/25 MP: 10/13
  2551 | D:3      | Found a shimmering altar of Xom.
  2773 | D:3      | You fall into a shaft and drop 1 floor!
  2791 | D:4      | Noticed an ogre
  2798 | D:4      | Killed an ogre
  2799 | D:4      | Reached skill level 6 in Spellcasting
  2799 | D:4      | Reached XP level 5. HP: 29/29 MP: 6/15
  3311 | D:3      | Found a faded altar of an unknown god.
  3490 | D:4      | Found a runed translucent gate.
  3490 | D:4      | Found a runed translucent gate.
  3490 | D:4      | Found a runed translucent gate.
  3491 | D:4      | Found an opulent altar of Gozag.
  3492 | D:4      | Noticed garrulousMonolith's ghost (amateur TrSh)
  3643 | D:4      | Found Ulefyppo's Weapon Shop.
  3755 | D:4      | Reached XP level 6. HP: 31/34 MP: 4/17
  3756 | D:4      | Reached skill level 1 in Poison Magic
  3772 | D:4      | Reached skill level 1 in Air Magic
  3772 | D:4      | Reached skill level 1 in Evocations
  3778 | D:4      | Reached skill level 7 in Spellcasting
  4233 | D:5      | Entered Level 5 of the Dungeon
  4394 | D:5      | Reached XP level 7. HP: 39/39 MP: 13/20
  4518 | D:5      | Found a broken altar of Ashenzari.
  4524 | D:5      | Reached skill level 8 in Spellcasting
  4995 | D:5      | Reached skill level 9 in Spellcasting
  5476 | D:5      | Reached XP level 8. HP: 31/44 MP: 12/23
  5501 | D:5      | Reached skill level 5 in Conjurations
  5638 | D:5      | Found a runed translucent gate.
  5640 | D:5      | Found a runed translucent gate.
  5641 | D:5      | Found a runed translucent gate.
  5643 | D:5      | Noticed awesomeguy42's ghost (novice HuNe)
  5643 | D:5      | Noticed perezv8180's ghost (novice DrVM)
  5643 | D:5      | Noticed arthad's ghost (novice FoFi)
  5643 | D:5      | Noticed Xavori's ghost (novice OpCK)
  5644 | D:5      | Noticed ojifijod's ghost (novice DrFi)
  5936 | D:6      | Found a blossoming altar of Fedhas.
  5947 | D:6      | Noticed Dowan
  5949 | D:6      | Noticed Duvessa
  5981 | D:6      | Killed Duvessa
  5982 | D:6      | Reached skill level 10 in Spellcasting
  5985 | D:6      | Killed Dowan
  6349 | D:6      | Found a radiant altar of Vehumet.
  6357 | D:6      | Became a worshipper of Vehumet
  6369 | D:6      | Found a hazy altar of Hepliaklqana.
  6512 | D:6      | Reached skill level 11 in Spellcasting
  6597 | D:6      | Found a sacrificial altar of Ru.
  7079 | D:6      | Reached * piety under Vehumet
  7079 | D:6      | Offered knowledge of Sandblast by Vehumet.
  7405 | D:6      | Reached ** piety under Vehumet
  7405 | D:6      | Offered knowledge of Poisonous Vapours by Vehumet.
  7413 | D:6      | Reached XP level 9. HP: 49/49 MP: 13/26
  7417 | D:6      | Reached skill level 1 in Ice Magic
  7896 | D:7      | Found a staircase to the Ecumenical Temple.
  7909 | D:7      | Learned a level 2 spell: Poisonous Vapours
  8743 | D:8      | Offered knowledge of Stone Arrow by Vehumet.
  8750 | D:8      | Reached skill level 12 in Spellcasting
  8756 | D:8      | Learned a level 3 spell: Stone Arrow
  8793 | D:8      | Reached *** piety under Vehumet
  8798 | D:8      | Reached skill level 1 in Earth Magic
  9091 | D:8      | Noticed Maggie
  9100 | D:8      | Killed Maggie
  9479 | D:8      | Noticed Psyche
  9492 | D:8      | Killed Psyche
  9493 | D:8      | Reached skill level 13 in Spellcasting
  9493 | D:8      | Reached XP level 10. HP: 28/56 MP: 7/29
  9652 | D:8      | Noticed Pikel
  9675 | D:8      | Killed Pikel
  9675 | D:8      | Offered knowledge of Ignite Poison by Vehumet.
  9818 | D:8      | Found a staircase to the Lair.
  9984 | D:8      | Found a stormy altar of Qazlal.
 10351 | D:9      | Found a snail-covered altar of Cheibriados.
 10963 | D:9      | Noticed a two-headed ogre
 10971 | D:9      | Killed a two-headed ogre
 10972 | D:9      | Reached skill level 1 in Necromancy
 10986 | D:9      | Reached skill level 14 in Spellcasting
 11219 | D:9      | Reached skill level 5 in Ice Magic
 11298 | D:9      | Found a staircase to the Orcish Mines.
 11515 | D:10     | Entered Level 10 of the Dungeon
 11538 | D:10     | Noticed a manticore
 11546 | D:10     | Killed a manticore
 11638 | D:10     | Found a shadowy altar of Dithmenos.
 11830 | D:10     | Found a glowing silver altar of Zin.
 11889 | D:10     | Learned a level 5 spell: Irradiate
 11941 | D:10     | Learned a level 6 spell: Starburst
 11951 | D:10     | Reached **** piety under Vehumet
 11955 | D:10     | Reached XP level 11. HP: 59/61 MP: 18/31
 12072 | D:10     | Found a white marble altar of Elyvilon.
 12437 | D:11     | Identified the +0 leather armour of Poguarph {+Blink rF+
                  | rN+}
 12471 | D:11     | Noticed a boulder beetle
 12483 | D:11     | Killed a boulder beetle
 12484 | D:11     | Reached skill level 1 in Transmutations
 12484 | D:11     | Reached skill level 1 in Fire Magic
 12824 | D:11     | Noticed a lindwurm
 12826 | D:11     | Noticed a lindwurm
 12826 | D:11     | Noticed a lindwurm
 12827 | D:11     | Noticed a lindwurm
 12833 | D:11     | Offered knowledge of Lee's Rapid Deconstruction by Vehumet.
 12840 | D:11     | Learned a level 5 spell: Lee's Rapid Deconstruction
 12863 | D:11     | Killed a lindwurm
 12864 | D:11     | Reached skill level 5 in Earth Magic
 12881 | D:11     | Killed a lindwurm
 12993 | D:11     | Killed a lindwurm
 12994 | D:11     | Reached skill level 15 in Spellcasting
 12999 | D:11     | Killed a lindwurm
 13065 | D:11     | Found the macabre finger necklace {Finger+ rN+}
 13207 | D:11     | Found the +9 staff of Olgreb {rPois∞}
 13460 | Temple   | Entered the Ecumenical Temple
 14440 | D:12     | Reached skill level 5 in Armour
 14633 | D:12     | HP: 2/61 [troll (6)]
 15353 | D:12     | Noticed a deep elf pyromancer
 15360 | D:12     | Killed a deep elf pyromancer
 15693 | D:13     | Reached skill level 16 in Spellcasting
 15755 | D:13     | Found a frozen archway.
 15765 | IceCv    | Entered an ice cave
 15771 | IceCv    | Reached XP level 12. HP: 54/66 MP: 30/34
 16441 | IceCv    | Noticed an ice dragon
 16465 | IceCv    | Reached ***** piety under Vehumet
 16467 | IceCv    | Killed an ice dragon
 16467 | IceCv    | Offered knowledge of Sticky Flame by Vehumet.
 16991 | D:13     | Noticed a centaur warrior
 16998 | D:13     | Killed a centaur warrior
 17244 | D:13     | Found a runed translucent gate.
 17244 | D:13     | Found a runed translucent gate.
 17244 | D:13     | Found a runed translucent gate.
 17256 | D:13     | Noticed Jynaviopo's ghost (journeyman GrFi)
 17521 | D:13     | Noticed an eight-headed hydra
 17525 | D:13     | Killed an eight-headed hydra
 17526 | D:13     | Reached skill level 10 in Conjurations
 17655 | D:13     | Noticed a six-headed hydra
 17661 | D:13     | Killed a six-headed hydra
 17662 | D:13     | Reached skill level 17 in Spellcasting
 17840 | D:13     | Noticed a blizzard demon
 17984 | D:14     | Found a gate to the Vaults.
 17984 | D:14     | Noticed a boulder beetle
 17984 | D:14     | Noticed a vault guard
 17984 | D:14     | Noticed a vault guard
 17984 | D:14     | Noticed a vault guard
 17984 | D:14     | Noticed a vault guard
 17984 | D:14     | Noticed a centaur warrior
 17984 | D:14     | Noticed a death knight
 17991 | D:14     | Killed a vault guard
 17996 | D:14     | Killed a vault guard
 17996 | D:14     | Killed a vault guard
 18136 | D:14     | Noticed a tengu warrior
 18142 | D:14     | Killed a tengu warrior
 18598 | D:14     | Hit by a large rock thrown by a cyclops

Illustrated notes

Levels and vault maps discovered:
D:1:      shiori_arrival_elements, layout_rooms, serial_shops,
          nicolae_shop_advertising_works [nicolae_subvault_shop_adworks],
          minmay_cut_off
D:2:      layout_basic, uniq_robin
D:3:      layout_loops_ring, nicolae_overflow_crystal_walls,
          shapermc_ecumenical_altar_acropolis, serial_forest,
          infiniplex_forest_corner_1, infiniplex_forest_zigzag_1,
          infiniplex_forest_lined_room_2, infiniplex_forest_diagonal,
          infiniplex_forest_straight_5, minmay_vboxes
D:4:      layout_rooms, serial_shops, kennysheep_little_box,
          ebering_ghost_gozag, minmay_fire_ice_demons
D:5:      layout_loops_ring, mainiacjoe_overflow_concentric_impassable,
          gammafunk_ghost_cemetery, minmay_between
D:6:      minmay_goblin_kobold_castle, layout_basic,
          nicolae_vehumet_altar_sigil, mainiacjoe_overflow_surrounded_room,
          fedhas_altar_1, mainiacjoe_overflow_tiny_flanked, uniq_duvessa
D:7:      layout_basic, minmay_temple_entry_statues
D:8:      layout_rooms, kennysheep_mini, david_lair_shrubbed, uniq_psyche,
          uniq_pikel, uniq_maggie
D:9:      layout_basic, lemuel_coloured_pillars_altar, orc_0_dummy,
          kennysheep_potato
D:10:     layout_rooms, zin_scriptorium, overflow_temple_1_default,
          pf_just_have_faith, serial_park_tiny_1
D:11:     layout_roguey, minmay_lindwurm_lava
D:12:     layout_stronghold
D:13:     layout_long_grid, portal_ice_cave_entry_pillars_2,
          gammafunk_ghost_icy, dreamdust_looks_like_rain
D:14:     layout_long_grid, lightli_vaults_fourway_checkpoint,
          minmay_hedge_maze, kennysheep_slug_shrine
Temple:   grunt_temple_mini_profane

Skill      XL: |  1  2  3  4  5  6  7  8  9 10 11 12 |
---------------+-------------------------------------+-----
Spellcasting   | 5 6 7 9 11 13 14 16 17 | 17.5
Fighting       | 1 2 3 4 |  4.6
Armour         | 1 2 3 4 5 6 |  6.0
Conjurations   | 2 3 4 6 7 8 9 10 | 10.4
Dodging        | 3 |  3.1
Stealth        | 3 |  3.2
Poison Magic   | 1 |  1.0
Air Magic      | 1 |  1.0
Evocations     | 1 |  1.0
Ice Magic      | 3 5 6 8 |  8.2
Earth Magic    | 2 4 6 7 |  7.7
Necromancy     | 2 |  2.0
Transmutations | 1 |  1.1
Fire Magic     | 1 |  1.1
Summonings     | |  1.1
Translocations | |  1.1

Action                     |  1- 3 |  4- 6 |  7- 9 | 10-12 || total
---------------------------+-------+-------+-------+-------++-------
  Melee: Dagger            |    11 |       |       |       ||    11
         Club              |       |    32 |   167 |    63 ||   262
         Punch             |       |     1 |     3 |     3 ||     7
         Triple sword      |       |       |       |    42 ||    42
   Cast: Magic Dart        |   103 |   132 |   216 |    42 ||   493
         Mephitic Cloud    |     2 |     5 |    41 |    35 ||    83
         Call Imp          |       |     2 |     5 |       ||     7
         Poisonous Vapours |       |       |    43 |    81 ||   124
         Stone Arrow       |       |       |    23 |   104 ||   127
         Starburst         |       |       |       |    69 ||    69
         Blink             |       |       |       |    11 ||    11
         Lee's Rapid Decon |       |       |       |     9 ||     9
  Evoke: Wand              |       |       |       |     1 ||     1
    Use: Scroll            |       |       |       |    16 ||    16
   Stab: Sleeping          |     1 |     1 |     2 |       ||     4
         Confused          |     1 |     2 |    14 |     4 ||    21
         Distracted        |       |       |     1 |       ||     1
 Armour: Robe              |    23 |    32 |   114 |    42 ||   211
         Acid dragon scale |       |       |       |    82 ||    82
         Leather armour    |       |       |       |    32 ||    32
  Dodge: Dodged            |    36 |    49 |   149 |   137 ||   371
  Block: Other             |       |       |       |     3 ||     3

Table legend: (Time is in decaauts)
 A = Elapsed time spent in this place.
 B = Non-inter-level travel time spent in this place.
 C = Inter-level travel time spent in this place.
 D = Time resting spent in this place.
 E = Time spent auto-exploring this place.
 F = Levels seen in this place.
 G = Mean time per level.
                   A        B        C        D        E       F      G
               +--------+--------+--------+--------+--------+-----+--------+
         Total |  18696 |  18107 |    589 |   1514 |  13474 |  16 | 1168.5 |
       Dungeon |  17491 |  16905 |    586 |   1351 |  12788 |  14 | 1249.4 |
        Temple |     43 |     41 |      2 |      0 |      0 |   1 |   43.0 |
      Ice Cave |   1161 |   1161 |      0 |    163 |    686 |   1 | 1161.0 |
               +--------+--------+--------+--------+--------+-----+--------+

Top non-repeatable levels by time:
     D:6: 2118 daAuts
    D:12: 2077 daAuts
     D:5: 1528 daAuts
    D:13: 1517 daAuts
     D:9: 1454 daAuts
     D:8: 1410 daAuts
     D:3: 1335 daAuts
    D:11: 1243 daAuts
   IceCv: 1161 daAuts
     D:1: 1103 daAuts
     D:2: 934 daAuts
     D:7: 930 daAuts
     D:4: 869 daAuts
    D:10: 702 daAuts
    D:14: 264 daAuts
